cohdb
Replays
Latest Replays
All Replays
Popular Replays
Top Player Replays
Match Explorer
How It Works
Community
CoH3 Stats
Reddit
Sign in to upload your games and track your stats! →
Sign in with Steam
Match 43804992
Unlisted
Match 43804992
Overview
Messages
Build Orders
End
Construct Barracks
Riflemen Squad
Riflemen Squad
Grenade Package
M1 Mortar Team
Riflemen Squad
Infantry Support Center
M1918 Browning Automatic Rifles
Construct Motor Pool
Construct Medical Station
M8 Greyhound Armored Car
Riflemen Squad
Engineer Squad
M1 Anti-tank Gun Team
Construct Tank Depot
M4(105) Sherman Bulldozer
Riflemen Squad
M18 Hellcat Tank Destroyer
Riflemen Squad
Selects Armored Battlegroup
Selects Veteran Crews
Selects Field Repairs
Selects War Machine
Selects Fast Deploy
Selects Seek and Destroy
Selects UNKNOWN (2160077)
M4A3E8 Sherman Easy Eight
admiral_gnar
核桃里的王
Godz345
박시진\
赏你半斤地瓜烧
rotar2002
葫芦娃柒柒零
Hokan
0
0
Comments
sign in to comment!
No comments posted yet!